Map: Tropical Sacrifice

Players

Steadfast

  • Race: Zerg Zerg
  • Spawn Location: 1:00

DisReSpeCT - Winner!

  • Race: Terran Terran
  • Spawn Location: 7:00

Event: DreamHack SC2 Masters 2022 Atlanta (Offline)

VOD

Have the link to the VOD?

Description

Time

  • Played on: Nov. 18, 2022, 1:37 p.m.
  • Length: 9:55

All games in this series

Show
View Real Time Build Order
Export as new Build Order

Steadfast Zerg 

Build Orders: Hatch First 

Get SALT Encoding   

  12  0:00  Drone  
  13  0:13  Overlord  
  13  0:17  Drone  
  14  0:31  Drone x2  
  16  0:51  Hatchery  
  16  0:53  Drone  
  16  0:55  Drone  
  17  0:59  Drone  
  18  1:11  Extractor  
  18  1:15  Spawning Pool  
  16  1:19  Drone  
  16  1:20  Drone  
  18  1:28  Drone  
  19  1:40  Drone  
  20  1:50  Drone  
  21  2:03  Queen x2  
  21  2:04  Zergling x4  
  27  2:17  Drone, Overlord  
  28  2:27  Hatchery  
  27  2:33  Drone  
  27  2:36  Drone x2  
  27  2:37  Drone  
  30  2:46  Drone  
  30  2:47  Metabolic Boost  
  30  2:48  Drone  
  32  2:56  Overlord  
  32  2:58  Queen  
  34  3:06  Drone  
  35  3:17  Drone  
  35  3:18  Drone x4  
  40  3:27  Zergling x2, Overlord  
  41  3:30  Queen  
  43  3:38  Queen  
  43  3:39  Drone x3  
  48  3:42  Overlord  
  48  3:43  Drone  
  49  3:58  Drone x5  
  54  4:03  Queen  
  56  4:11  Drone, Overlord  
  56  4:12  Drone x5  
  60  4:21  Queen  
  62  4:25  Evolution Chamber  
  62  4:26  Evolution Chamber  
  62  4:27  Overlord  
  62  4:28  Drone, Overlord  
  62  4:29  Drone x2  
  63  4:33  Zergling x6  
  63  4:37  Overlord  
  66  4:49  Zergling x2  
  66  4:50  Zergling x4  
  66  4:52  Zerg Ground Armor Level 1, Zerg Melee Weapons Level 1  
  69  4:58  Drone x3  
  66  5:24  Drone x11  
  73  5:33  Drone x4  
  64  5:40  Lair  
  64  5:41  Overlord  
  64  5:42  Drone x2  
  66  5:44  Queen  
  68  5:50  Drone  
  68  5:51  Extractor  
  68  5:52  Drone x2, Extractor  
  68  5:53  Drone x3  
  72  6:05  Drone  
  72  6:06  Drone x2  
  72  6:08  Extractor x2  
  72  6:11  Drone  
  74  6:14  Baneling Nest  
  73  6:19  Queen, Hatchery  
  73  6:21  Drone x4  
  73  6:22  Drone x2  
  73  6:24  Drone  
  81  6:34  Drone x2, Hatchery  
  81  6:35  Drone  
  81  6:36  Overlord x2  
  81  6:37  Drone x2  
  85  6:59  Zerg Ground Armor Level 2  
  85  7:03  Zerg Melee Weapons Level 2  
  85  7:04  Zergling x20  
  85  7:06  Hydralisk Den  
  94  7:13  Overseer  
  94  7:17  Zergling x16  
  101  7:30  Baneling x9  
  101  7:31  Baneling x2  
  101  7:34  Zergling x14  
  92  7:51  Zergling x18  
  79  8:00  Zergling x20  
  83  8:13  Zergling x12  
  82  8:25  Drone  
  79  8:33  Grooved Spines, Hydralisk x8  
  95  8:41  Overlord x3  
  95  8:46  Drone  
  95  8:47  Baneling Nest  
  95  8:56  Drone  
  96  9:04  Hatchery  
  95  9:11  Drone x2  
  95  9:12  Drone x2  
  99  9:23  Hydralisk  
  99  9:24  Zergling x2, Hydralisk x7  
  99  9:25  Zergling x2  
  99  9:27  Overlord  
  99  9:29  Overlord  
Show
View Real Time Build Order
Export as new Build Order

DisReSpeCT Terran - Winner!

Build Orders: Liberator Opening, Reaper Expand 

Get SALT Encoding   

  12  0:01  SCV  
  13  0:13  SCV  
  14  0:18  Supply Depot  
  14  0:25  SCV  
  15  0:39  SCV  
  15  0:41  Barracks  
  16  0:44  Refinery  
  16  0:51  SCV  
  17  1:03  SCV  
  18  1:15  SCV  
  19  1:28  Reaper, Orbital Command  
  20  1:41  Command Center  
  20  1:49  Supply Depot  
  20  1:54  SCV  
  21  2:00  Marine  
  22  2:06  SCV  
  23  2:12  Factory  
  23  2:14  Refinery  
  23  2:18  SCV  
  25  2:26  Barracks Reactor  
  24  2:30  SCV  
  25  2:42  SCV  
  26  2:53  Orbital Command  
  26  2:54  SCV  
  26  2:57  Starport  
  27  3:06  SCV  
  27  3:08  Hellion x2, Barracks Tech Lab  
  32  3:18  SCV  
  33  3:25  SCV  
  34  3:28  Marine  
  34  3:30  Supply Depot, Hellion x2, SCV  
  40  3:34  Liberator  
  40  3:37  SCV  
  44  3:43  SCV  
  44  3:44  Stimpack  
  45  3:49  SCV  
  45  3:51  Hellion x2  
  45  3:55  SCV  
  51  4:00  Supply Depot  
  51  4:01  SCV  
  52  4:07  SCV  
  53  4:13  SCV  
  54  4:22  SCV  
  55  4:25  SCV  
  55  4:27  Command Center  
  55  4:29  Marine  
  55  4:31  Supply Depot  
  57  4:34  SCV  
  57  4:35  Barracks x2  
  57  4:36  Factory Tech Lab  
  57  4:37  SCV  
  59  4:39  Starport Reactor  
  59  4:46  SCV  
  59  4:49  SCV  
  59  4:50  Engineering Bay  
  59  4:51  Engineering Bay  
  61  4:56  Refinery x2  
  61  4:58  SCV, Marine  
  63  5:00  Siege Tank  
  63  5:01  SCV  
  67  5:10  SCV  
  67  5:13  SCV  
  69  5:31  Marine x3  
  69  5:32  SCV  
  69  5:34  SCV, Terran Infantry Armor Level 1, Terran Infantry Weapons Level 1  
  63  5:36  Combat Shield, Marine x2  
  63  5:40  Siege Tank, Starport Reactor  
  63  5:42  Orbital Command  
  66  5:44  SCV  
  66  5:47  SCV  
  66  5:49  Marine x2  
  70  5:50  Marine  
  70  5:54  Marine x2  
  70  5:57  SCV  
  74  5:59  SCV  
  75  6:04  Orbital Command  
  75  6:05  Barracks  
  75  6:06  Barracks, Marine  
  75  6:07  Marine  
  75  6:08  Marine  
  75  6:09  SCV  
  79  6:11  SCV  
  79  6:12  Marine x2  
  79  6:16  Medivac  
  84  6:19  Armory  
  84  6:23  SCV  
  85  6:30  Supply Depot  
  85  6:31  SCV x2, Medivac, Siege Tank, Marine  
  93  6:36  Supply Depot  
  93  6:38  Marine x2  
  93  6:39  Supply Depot, Marine x2  
  97  6:46  SCV x2  
  97  6:47  SCV  
  100  6:48  Marine  
  101  6:55  Barracks Reactor x2  
  101  6:56  Marine x2  
  101  6:58  SCV  
  101  6:59  SCV x2  
  101  7:01  Supply Depot  
  106  7:02  Supply Depot  
  106  7:04  Supply Depot  
  106  7:08  Marine x2  
  108  7:10  SCV  
  108  7:11  SCV x2  
  111  7:27  Marine x3  
  113  7:30  Marine x2  
  113  7:32  SCV, Medivac x2, Siege Tank  
  113  7:33  SCV, Marine x4  
  113  7:34  SCV  
  129  7:45  SCV x2, Marine x3  
  129  7:48  Marine x2  
  129  7:50  Barracks  
  136  7:52  SCV, Barracks  
  136  7:54  Barracks  
  136  7:57  SCV  
  122  8:00  Marine  
  122  8:01  SCV  
  121  8:26  Marine x9  
  121  8:27  Medivac x2, Siege Tank  
  121  8:33  Command Center  
  125  8:42  Marine  
  125  8:43  Refinery, Marine x2  
  125  8:44  Marine x9  
  137  8:49  Supply Depot, Refinery  
  137  8:51  Supply Depot  
  134  8:57  SCV  
  134  8:59  Supply Depot, Siege Tank  
  134  9:00  Supply Depot, Marine x3  
  134  9:01  Marine  
  134  9:02  Medivac, Marine  
  145  9:11  Marine  
  145  9:12  Marine x6  
  152  9:18  Marine  
  152  9:23  Marine x4  
  157  9:25  SCV x3  
  157  9:29  Marine x3  
  163  9:33  Marine x4  
  163  9:36  Marine  
  163  9:38  Supply Depot x2  
  170  9:39  Supply Depot  
Tags
 
Add a new tag
Caveats
  • Supply blocks, unpowered buildings, or Contaminate may cause inaccurate times.
  • Supply counts are checked every 10 seconds.